Map: Catalyst LE

Players

Kelazhur

  • Race: Terran Terran
  • Spawn Location: 5:00

Neeb - Winner!

  • Race: Protoss Protoss
  • Spawn Location: 11:00

VOD

Have the link to the VOD?

Description

Time

  • Played on: Feb. 2, 2018, 6:35 p.m.
  • Length: 28:21
Show
View Real Time Build Order
Export as new Build Order

Kelazhur Terran 

Build Orders: Reaper Expand, MMM Bio 

Get SALT Encoding   

  12  0:01  SCV  
  13  0:13  SCV  
  14  0:17  Supply Depot  
  14  0:25  SCV  
  15  0:38  SCV  
  15  0:39  Barracks  
  16  0:44  Refinery  
  16  0:50  SCV  
  17  1:03  SCV  
  18  1:15  SCV  
  19  1:27  Reaper, Orbital Command  
  20  1:40  Command Center  
  20  1:54  SCV  
  20  1:59  Marine  
  22  2:03  Factory  
  22  2:06  SCV  
  23  2:11  Supply Depot  
  23  2:20  Barracks Reactor  
  23  2:22  Barracks  
  23  2:31  Refinery  
  23  2:33  SCV  
  24  2:45  SCV  
  24  2:49  Factory Tech Lab  
  25  2:57  SCV, Marine x2  
  28  3:01  Orbital Command  
  28  3:11  Marine  
  29  3:15  SCV  
  29  3:16  Marine x2  
  30  3:20  Siege Tank  
  33  3:27  SCV  
  33  3:28  SCV  
  33  3:29  Marine  
  36  3:34  Marine x2  
  36  3:39  SCV  
  36  3:40  SCV  
  40  3:41  Supply Depot  
  40  3:51  SCV  
  40  3:52  SCV, Marine x2  
  44  3:56  Marine  
  44  3:57  Stimpack  
  45  4:03  SCV  
  45  4:05  SCV  
  45  4:06  Supply Depot  
  47  4:10  Marine x2, Factory Tech Lab  
  47  4:16  SCV  
  47  4:17  SCV, Marine  
  52  4:28  SCV, Marine  
  56  4:33  Command Center  
  56  4:34  SCV, Starport  
  56  4:36  Siege Tank  
  57  4:38  Marine  
  58  4:46  Supply Depot, SCV  
  58  4:47  Marine  
  58  4:49  Marauder  
  62  4:53  Supply Depot  
  62  5:00  Refinery  
  62  5:01  Refinery  
  62  5:07  Marine x2  
  62  5:08  SCV x2  
  66  5:17  Supply Depot, Marauder  
  66  5:20  SCV x2, Raven  
  66  5:21  Factory Reactor  
  72  5:28  Marine x2  
  72  5:32  SCV  
  72  5:34  Barracks  
  75  5:36  SCV  
  75  5:41  Marauder  
  78  5:44  Supply Depot, SCV  
  78  5:47  Orbital Command  
  78  5:48  SCV, Marine  
  80  5:50  Marine  
  80  5:56  SCV  
  80  5:57  Engineering Bay  
  82  5:59  Combat Shields  
  82  6:03  SCV  
  83  6:08  SCV  
  83  6:09  Medivac x2  
  88  6:11  Marine x2  
  88  6:14  Marauder  
  92  6:18  SCV  
  92  6:20  Supply Depot, SCV  
  92  6:23  Terran Infantry Weapons Level 1  
  94  6:29  Marine x2  
  94  6:31  Orbital Command, Marauder  
  98  6:36  SCV  
  99  6:43  Medivac x2  
  99  6:44  SCV, Barracks  
  99  6:46  Barracks  
  104  6:48  SCV, Marauder  
  106  6:57  SCV  
  106  6:58  Marine x2  
  106  6:59  Marauder  
  106  7:00  SCV  
  112  7:04  SCV  
  113  7:09  Factory Reactor  
  113  7:11  Armory, Engineering Bay, Marauder  
  115  7:16  SCV x2  
  117  7:26  Supply Depot  
  117  7:39  Barracks Reactor, Barracks Tech Lab  
  117  7:43  Terran Infantry Armor Level 1  
  117  7:45  Supply Depot, Refinery  
  117  7:47  SCV x2, Medivac x2  
  117  7:48  Supply Depot, Marauder  
  117  7:49  Supply Depot  
  125  8:00  Missile Turret  
  125  8:03  SCV  
  125  8:06  Supply Depot, Marine  
  125  8:07  Widow Mine x2, SCV, Marauder  
  125  8:08  Supply Depot  
  125  8:09  Marine  
  125  8:10  Marauder x2  
  138  8:14  Supply Depot  
  138  8:16  Marine x2  
  138  8:19  Medivac x2  
  144  8:20  Supply Depot  
  144  8:23  SCV x3  
  144  8:25  Fusion Core  
  144  8:26  Starport  
  144  8:27  Supply Depot  
  147  8:31  Marauder, Terran Infantry Weapons Level 2  
  147  8:34  Marine  
  150  8:35  SCV  
  150  8:37  Supply Depot  
  150  8:40  SCV  
  152  8:44  Marine x2  
  152  8:45  Marauder x2  
  152  8:46  SCV  
  152  8:47  SCV  
  160  8:53  Marauder  
  162  8:59  Command Center, Refinery  
  162  9:01  SCV  
  163  9:04  Supply Depot  
  163  9:06  Marauder  
  164  9:13  Liberator x2  
  164  9:15  Marine, Marauder  
  161  9:17  Marine, Marauder  
  161  9:22  SCV x2  
  154  9:25  Marine x2  
  154  9:27  SCV, Marauder  
  165  9:31  Starport Tech Lab  
  165  9:34  Liberator  
  165  9:36  SCV x2  
  167  9:39  SCV  
  167  9:41  Marine x2  
  167  9:42  Marauder  
  167  9:44  Bunker  
  172  9:50  Advanced Ballistics  
  175  9:55  Terran Infantry Armor Level 2  
  175  9:58  Supply Depot  
  175  10:03  Liberator  
  175  10:04  Marauder x3, Marine x2, Liberator  
  175  10:06  Marine x2  
  185  10:10  Widow Mine x2  
  189  10:17  Liberator  
  194  10:21  Marine x2  
  194  10:25  Marauder x2  
  198  10:34  Marine  
  198  10:35  Marine, Marauder  
  199  10:39  Marine  
  199  10:42  Terran Ship Weapons Level 1  
  200  10:46  Marauder, Liberator  
  200  10:47  Bunker  
  200  10:49  Supply Depot  
  198  10:50  Liberator  
  198  10:52  Planetary Fortress  
  196  10:59  Missile Turret  
  196  11:01  Missile Turret x2  
  187  11:12  Marine x3  
  187  11:13  Marine x2, Marauder  
  187  11:14  Marauder  
  187  11:16  Liberator  
  196  11:21  Sensor Tower  
  196  11:30  Marine  
  197  11:36  Missile Turret  
  200  11:47  Missile Turret  
  200  11:50  Terran Infantry Weapons Level 3  
  200  11:51  Command Center  
  200  11:56  Barracks  
  200  11:57  Barracks  
  200  11:58  Barracks  
  200  12:03  Ghost Academy  
  200  12:07  Liberator  
  197  12:21  Liberator x2  
  197  12:22  Command Center  
  187  12:25  Marine, Marauder x2  
  191  12:39  Marine  
  191  12:40  Marauder  
  198  12:48  Marine  
  198  12:49  Marauder  
  198  12:50  Liberator  
  193  12:52  Marauder  
  193  12:53  Marine x2  
  186  13:00  Marine x2  
  186  13:01  Marauder  
  190  13:07  Liberator x2  
  190  13:10  Marauder  
  192  13:13  Marauder  
  185  13:22  Marine x2  
  185  13:23  Marauder  
  195  13:31  Marine  
  195  13:32  Liberator, Marauder  
  190  13:34  Widow Mine  
  189  13:41  Marine  
  189  13:42  Marauder  
  189  13:44  Marine  
  189  13:45  Marine, Marauder  
  195  13:50  Liberator  
  195  14:03  Terran Ship Weapons Level 2  
  195  14:04  Terran Infantry Armor Level 3  
  195  14:06  Liberator  
  195  14:08  Planetary Fortress  
  195  14:09  Planetary Fortress  
  193  14:12  SCV x2  
  197  14:32  Liberator x2  
  197  14:38  Marine x2, Marauder  
  177  14:40  Widow Mine x2  
  162  14:47  Marine  
  162  14:48  Marauder  
  162  14:49  Liberator  
  162  14:51  Marine x2, Marauder  
  166  15:01  Widow Mine x2  
  166  15:04  Marine x4, Marauder  
  166  15:05  Marine  
  175  15:08  Marine  
  175  15:09  Marine, Marauder  
  179  15:15  Liberator  
  157  15:27  Marauder  
  137  15:29  Marine x8  
  137  15:30  Marine  
  137  15:31  Widow Mine x2  
  137  15:32  Medivac, Liberator  
  147  15:39  SCV x2  
  147  15:40  SCV  
  148  15:47  Marine x6  
  148  15:48  Marauder x2  
  148  15:49  Marine  
  162  15:59  Widow Mine x2  
  162  16:02  Medivac, Marauder  
  170  16:04  Marine  
  170  16:06  Missile Turret  
  170  16:09  Marauder  
  170  16:10  Liberator  
  173  16:15  Liberator  
  173  16:20  Marine, Marauder  
  173  16:22  Widow Mine x2  
  179  16:31  Marine x6, Marauder x2  
  181  16:38  Marine  
  178  16:41  Marine  
  178  16:43  Liberator  
  177  16:48  Marine  
  177  16:49  Marine x2  
  177  16:53  Liberator  
  171  16:57  Marine x3, Marauder x2  
  171  17:01  Marine, Marauder  
  175  17:04  Personal Cloaking  
  175  17:06  Marine x2  
  175  17:07  Marine  
  178  17:10  Liberator  
  178  17:14  Marine  
  178  17:15  Marine x2  
  175  17:18  Marauder  
  175  17:19  Marine, Marauder  
  175  17:22  Marauder  
  172  17:25  Marine  
  172  17:26  Liberator  
  160  17:40  Marauder  
  143  17:51  Marine x7, Marauder x2  
  128  17:53  Medivac  
  128  17:56  Refinery  
  128  17:57  Refinery  
  136  18:01  Marine  
  121  18:06  Liberator  
  121  18:09  Marine  
  121  18:10  Marine x6, Medivac  
  121  18:12  Marauder x2  
  134  18:18  Marine  
  121  18:26  Widow Mine x2  
  116  18:27  Marine x5  
  116  18:28  Marine x2  
  116  18:34  Marauder x2  
  122  18:36  Marine  
  119  18:45  Marine x7  
  119  18:48  Medivac  
  114  18:55  Marauder  
  116  19:09  Barracks Tech Lab x2  
  114  19:10  Ghost x2, Barracks Reactor  
  114  19:11  Marine x4  
  114  19:13  Liberator  
  114  19:14  Factory Reactor  
  122  19:20  SCV x3  
  122  19:22  SCV, Refinery  
  122  19:23  Refinery  
  126  19:29  Marine x2  
  131  19:32  SCV, Marine x2  
  131  19:34  SCV  
  131  19:36  Ghost  
  131  19:37  Marine  
  138  19:40  Missile Turret  
  138  19:41  Marine  
  138  19:42  Marine x2, Liberator x2  
  141  19:46  Marine  
  141  19:47  Marine  
  142  20:08  Marine, Marauder x2  
  142  20:09  Marauder x2  
  145  20:22  Marine  
  145  20:23  Marauder  
  145  20:27  Widow Mine x2  
  152  20:29  Marauder  
  152  20:35  Liberator x2  
  153  20:41  Marauder  
  153  20:42  Marauder x2  
  154  20:55  Liberator x2  
  153  21:03  Marauder  
  153  21:04  Marauder  
  157  21:07  Widow Mine x2  
  160  21:17  Marine  
  160  21:18  Marine x6, Marauder  
  171  21:28  Widow Mine x2  
  171  21:30  Liberator  
  171  21:31  Ghost  
  176  21:33  Marine  
  176  21:35  Marine x2  
  176  21:37  Marine  
  180  21:42  Liberator  
  180  21:50  Widow Mine x2  
  180  21:52  Liberator  
  184  22:00  Marauder  
  187  22:04  Marauder  
  189  22:14  Liberator  
  192  22:22  Ghost  
  190  22:26  Liberator  
  194  22:51  Widow Mine  
  189  22:57  Refinery  
  189  22:59  Medivac  
  189  23:04  Medivac  
  193  23:07  Command Center  
  193  23:09  Marine x7  
  199  23:25  Hi-Sec Auto Tracking  
  181  23:58  Liberator x2  
  176  24:03  Marauder  
  176  24:04  Marauder  
  176  24:05  Widow Mine x2  
  181  24:12  Marauder  
  181  24:13  Marine x2  
  182  24:18  Nuke  
  179  24:26  Widow Mine x2  
  181  24:37  Marauder  
  142  24:54  Marine x2  
  142  24:55  Marine x5  
  126  25:33  Marine, Marauder  
  114  25:43  Marine  
  114  25:44  Marine x7, Marauder  
  114  25:48  Refinery x2  
  116  25:51  Marine  
  116  25:54  Marine  
  118  26:01  Marine x3  
  118  26:02  Marine x2  
  118  26:03  Marine x3  
  126  26:04  Marine  
  126  26:06  SCV  
  127  26:17  Marine  
  127  26:18  Marine  
  125  26:19  Marine x4  
  116  26:58  SCV x3  
  116  26:59  Refinery  
  117  27:01  Marine x2  
  117  27:02  Marine x2  
  121  27:30  Medivac  
  121  27:52  Marine  
Show
View Real Time Build Order
Export as new Build Order

Neeb Protoss - Winner!

Build Orders: 1 Gate Expand, Archon Immortal, Zealot Archon, Colossus Rush 

Get SALT Encoding   

  12  0:00  Probe  
  13  0:13  Probe  
  14  0:17  Pylon  
  14  0:25  Probe (Chrono Boost)  
  15  0:37  Probe (Chrono Boost), Assimilator  
  16  0:44  Probe (Chrono Boost)  
  16  0:46  Gateway  
  17  0:51  Probe  
  18  1:03  Probe  
  19  1:15  Probe  
  20  1:23  Nexus  
  20  1:34  Cybernetics Core  
  20  1:36  Probe  
  21  1:42  Assimilator  
  21  1:48  Probe  
  21  1:51  Pylon  
  22  2:00  Probe  
  23  2:09  Adept (Chrono Boost)  
  23  2:12  Warp Gate, Probe  
  26  2:24  Probe  
  27  2:31  Robotics Facility  
  27  2:36  Probe  
  28  2:37  Probe  
  28  2:40  Stalker (Chrono Boost)  
  31  2:48  Probe  
  31  2:49  Probe  
  33  3:01  Probe  
  33  3:02  Probe, Stalker  
  37  3:09  Pylon  
  37  3:13  Probe  
  37  3:14  Probe  
  39  3:24  Observer (Chrono Boost)  
  39  3:25  Probe  
  39  3:26  Probe  
  42  3:28  Gateway  
  42  3:31  Gateway  
  42  3:37  Probe  
  42  3:38  Probe, Observer (Chrono Boost)  
  45  3:45  Pylon  
  45  3:49  Probe, Assimilator  
  45  3:50  Probe  
  45  3:51  Assimilator  
  45  3:54  Immortal (Chrono Boost)  
  51  4:01  Probe  
  51  4:02  Probe  
  53  4:11  Robotics Bay  
  53  4:13  Probe  
  53  4:15  Probe  
  54  4:25  Probe  
  54  4:30  Probe  
  56  4:33  Observer  
  56  4:37  Probe, Sentry  
  60  4:41  Nexus  
  60  4:42  Probe  
  60  4:43  Pylon  
  61  4:49  Probe  
  61  4:52  Pylon  
  62  4:55  Twilight Council  
  62  4:56  Forge  
  62  5:01  Probe  
  62  5:06  Colossus  
  69  5:09  Protoss Ground Armor Level 1 (Chrono Boost)  
  69  5:15  Probe x2  
  69  5:18  Gateway  
  69  5:20  Gateway  
  71  5:24  Gateway  
  71  5:27  Probe  
  71  5:28  Charge (Chrono Boost)  
  72  5:34  Probe  
  73  5:40  Probe  
  74  5:49  Gateway  
  74  5:50  Pylon  
  74  5:52  Gateway  
  74  5:55  Immortal  
  74  5:56  Pylon, Observer  
  78  6:06  Zealot x2  
  78  6:09  Sentry, Observer  
  83  6:14  Templar Archives  
  83  6:15  Pylon  
  83  6:23  Stalker x2  
  83  6:25  Zealot  
  89  6:30  Immortal  
  93  6:41  Zealot x3  
  99  6:47  Zealot x3  
  99  6:54  High Templar x2  
  107  6:59  Pylon  
  107  7:00  Pylon  
  109  7:01  Pylon  
  109  7:02  Protoss Ground Armor Level 2 (Chrono Boost)  
  109  7:07  Probe x3  
  111  7:09  Immortal (Chrono Boost)  
  115  7:17  Archon  
  115  7:20  Probe  
  115  7:21  Probe x2  
  118  7:33  Probe x2, Assimilator  
  118  7:35  Probe  
  118  7:37  Psionic Storm, Assimilator  
  120  7:45  Probe  
  120  7:46  Warp Prism (Chrono Boost)  
  120  7:49  Nexus  
  120  7:50  High Templar  
  120  7:51  Pylon, High Templar  
  127  7:52  Probe x2  
  127  7:57  Probe  
  130  7:58  Pylon  
  130  8:04  Probe x2, High Templar  
  130  8:05  Zealot x2  
  138  8:09  Probe  
  139  8:16  Probe  
  140  8:21  High Templar x2  
  140  8:22  Zealot  
  140  8:23  Zealot  
  140  8:24  Zealot  
  150  8:27  Pylon, Archon  
  150  8:28  Blink (Chrono Boost)  
  150  8:36  Gateway  
  150  8:37  Gateway  
  150  8:45  High Templar  
  150  8:46  Zealot x5  
  162  8:54  Protoss Ground Armor Level 3 (Chrono Boost)  
  160  8:55  Zealot  
  160  8:56  Pylon, Zealot  
  164  9:05  Forge  
  164  9:10  Assimilator  
  164  9:14  Assimilator  
  164  9:16  Zealot x3  
  170  9:20  Zealot x2  
  170  9:23  High Templar x3  
  168  9:25  Probe x2  
  168  9:30  Probe x2  
  168  9:33  Protoss Ground Weapons Level 1 (Chrono Boost)  
  168  9:39  Pylon  
  168  9:40  Pylon  
  168  9:45  Stalker x4  
  170  9:49  Photon Cannon  
  176  10:03  Zealot x6  
  189  10:07  Observer  
  189  10:09  Photon Cannon  
  189  10:14  Photon Cannon  
  189  10:15  Photon Cannon  
  187  10:22  Stalker x3  
  193  10:28  Stalker x3  
  197  10:42  Zealot x4  
  193  10:58  Zealot  
  193  10:59  Zealot  
  193  11:02  Zealot x3  
  195  11:05  Nexus  
  195  11:07  Pylon  
  195  11:09  Protoss Ground Weapons Level 2 (Chrono Boost)  
  179  11:11  Protoss Shields Level 1 (Chrono Boost)  
  175  11:19  Probe x3  
  175  11:20  High Templar  
  175  11:21  High Templar x5  
  190  11:27  High Templar  
  190  11:28  High Templar  
  190  11:30  Archon x2  
  194  11:40  Dark Shrine  
  194  11:45  Gateway  
  194  11:46  Gateway  
  194  11:47  Extended Thermal Lance, Gateway  
  194  11:50  Gateway  
  194  11:51  Pylon, Assimilator  
  194  11:53  Assimilator  
  194  11:59  Photon Cannon  
  194  12:05  Robotics Facility  
  173  12:26  Stargate, Stalker x9  
  173  12:27  Stalker  
  179  12:57  High Templar  
  179  12:58  Zealot x6, High Templar x3  
  145  13:03  Archon  
  145  13:04  Colossus (Chrono Boost), Archon  
  161  13:06  Colossus (Chrono Boost)  
  163  13:23  Zealot x2  
  163  13:24  Zealot x4  
  163  13:25  Stalker x4  
  183  13:30  Probe  
  183  13:31  Probe x2  
  183  13:32  Zealot x3  
  170  13:34  Probe  
  170  13:46  Stalker x6  
  176  13:51  Probe x3  
  177  13:59  Probe x2  
  175  14:03  Probe x2  
  175  14:06  High Templar x6  
  188  14:12  Archon, High Templar  
  188  14:14  Zealot x5  
  200  14:20  Archon  
  198  14:37  Stalker x4  
  198  14:38  Stalker  
  172  14:49  Stalker x6  
  164  15:08  Zealot x2  
  164  15:09  Zealot x5  
  173  15:18  Probe x2  
  173  15:21  Archon x2  
  149  15:23  Stalker x6  
  145  15:34  Probe  
  138  15:37  Probe x4  
  142  15:42  High Templar x4  
  142  15:43  Colossus x2 (Chrono Boost), High Templar x3  
  168  15:58  Sentry  
  168  15:59  Sentry  
  168  16:00  Nexus, High Templar  
  168  16:01  High Templar  
  168  16:02  High Templar  
  168  16:03  High Templar  
  180  16:17  Stalker x4  
  180  16:18  Zealot x3  
  175  16:31  Zealot x2  
  147  16:35  Zealot x4  
  147  16:45  Stalker x7  
  147  16:46  Probe x2  
  160  16:47  Probe x2  
  145  17:02  Nexus  
  145  17:06  High Templar  
  145  17:07  High Templar x4  
  125  17:47  Stalker x9  
  125  17:48  Stalker x3  
  145  17:55  Stalker  
  143  18:15  Nexus  
  126  18:35  High Templar x5  
  126  18:36  Zealot x8  
  134  18:51  Pylon  
  134  18:54  Assimilator  
  134  18:55  Assimilator  
  134  19:04  Sentry x2  
  134  19:05  Sentry  
  134  19:06  Zealot x5  
  150  19:18  Stalker x3  
  150  19:19  Zealot  
  158  19:24  Pylon  
  158  19:35  High Templar  
  158  19:36  High Templar  
  162  19:43  Zealot x9  
  180  19:51  Stalker  
  180  19:52  Stalker  
  182  20:08  Stalker x2  
  182  20:09  Stalker x4  
  192  20:31  Stalker x4  
  170  20:59  High Templar x4  
  170  21:01  High Templar x3  
  184  21:05  Photon Cannon x2  
  184  21:06  Observer  
  184  21:07  Observer  
  186  21:18  Stalker x6  
  186  21:20  Protoss Shields Level 2 (Chrono Boost)  
  192  21:34  Protoss Ground Weapons Level 3 (Chrono Boost)  
  192  21:41  Nexus  
  192  21:42  Pylon, Stalker x3  
  192  21:43  Stalker  
  179  22:00  Stalker x5  
  179  22:01  Stalker  
  178  22:22  Stalker x5  
  176  22:24  Zealot x2  
  176  22:25  Zealot x4  
  189  22:36  Archon  
  189  22:43  Observer x2  
  187  22:54  Fleet Beacon  
  187  22:55  High Templar  
  187  22:57  Zealot x3  
  187  22:58  Zealot  
  197  23:18  Observer  
  197  23:20  Stalker  
  197  23:21  Stalker  
  197  23:26  Assimilator  
  199  23:28  Stalker  
  199  23:30  Assimilator, Stalker  
  199  23:33  Stalker  
  196  23:48  Stargate  
  194  23:49  Stargate  
  183  24:14  Stalker x5  
  183  24:15  Stalker x3  
  190  24:45  Observer  
  187  24:58  High Templar  
  187  24:59  Zealot x3  
  193  25:00  Zealot x3  
  189  25:10  Probe  
  171  25:33  Disruptor x2  
  171  25:34  Probe  
  171  25:35  Probe, Stalker x2  
  181  25:37  Zealot x7  
  181  25:40  Archon  
  189  25:44  Probe x2  
  189  25:55  Zealot x4  
  195  26:12  Stalker x2  
  178  26:29  Stalker  
  178  26:30  Zealot x8, Stalker x2  
  190  26:51  Observer x2  
  190  27:11  Zealot x4  
  190  27:12  Nexus  
  190  27:13  Zealot  
  200  27:19  Pylon  
  198  27:46  Photon Cannon  
  198  27:47  Photon Cannon  
Tags
 
Add a new tag
Caveats
  • Supply blocks, unpowered buildings, or Contaminate may cause inaccurate times.
  • Supply counts are checked every 10 seconds.